 Dungeon Crawl Stone Soup version 0.32-a0-576-g706899e69d (webtiles) character file.

Game seed: 8452940130915548775

35547 Iich the Severer (level 13, 0/113 HPs)
             Began as a Demonspawn Fighter on Mar 1, 2024.
             Was the Champion of Cheibriados.
             Slain by a ten-headed hydra (2 damage)
             ... while petrified by a catoblepas
             ... on level 4 of the Lair of Beasts.
             The game lasted 00:42:12 (15100 turns).

Iich the Severer (Demonspawn Fighter)              Turns: 15100, Time: 00:42:13

Health: 0/113      AC: 22    Str: 36    XL:     13   Next: 48%
Magic:  15/15      EV:  2    Int: 23    God:    Cheibriados [******]
Gold:   1050       SH:  0    Dex: 35    Spells: 12/12 levels left

rFire   . . .        E - +3 broad axe (venom)
rCold   . . .        J - +0 kite shield
rNeg    + + +        u - +1 chain mail {rPois}
rPois   ∞            l - +2 helmet
rElec   .            v - +2 cloak {rCorr}
rCorr   +            (gloves unavailable)
SInv    .            e - +2 pair of boots
Will    .....        w - amulet of the acrobat Stlth
                     o - +6 ring of dexterity
HPRegen 0.38/turn    D - +5 ring of evasion
MPRegen 0.14/turn

%: acrobat
@: petrified, studying Long Blades, very slow
A: claws 3, rugged brown scales 2, powered by death 1, spiny 3, shaggy fur 1,
inability to read after injury 1
a: Renounce Religion, Bend Time, Temporal Distortion, Slouch, Step From Time


You were on level 4 of the Lair of Beasts.
You worshipped Cheibriados.
Cheibriados was exalted by your worship.
You visited 3 branches of the dungeon, and saw 15 of its levels.
You also visited: Bailey, Gauntlet and Volcano.

You collected 1252 gold pieces.
You spent 202 gold pieces at shops.

Inventory:

Hand Weapons
 c - the +6 great sword "Toujeihu" {elec, rElec rCorr Int+4}
   (You found it in a Gauntlet)

   Int+4:     It affects your intelligence (+4).
   rElec:     It insulates you from electricity.
   rCorr:     It protects you from acid and corrosion.
 E - a +3 broad axe of venom (weapon)
Missiles
 C - 2 throwing nets (quivered)
Armour
 e - a +2 pair of boots (worn)
 l - a +2 helmet (worn)
 u - a +1 chain mail of poison resistance (worn)
 v - a +2 cloak of preservation (worn)
 G - a +2 chain mail of fire resistance
 I - a +0 plate armour
 J - a +0 kite shield (worn)
Jewellery
 a - a ring of protection from fire
 o - a +6 ring of dexterity (left claw)
 w - an amulet of the acrobat (around neck)
 D - a +5 ring of evasion (right claw)
 F - a ring of protection from fire
 R - a ring of protection from fire
Wands
 r - a wand of warping (8)
 y - a wand of polymorph (4)
 K - a wand of mindburst (12)
 O - a wand of light (7)
 T - a wand of flame (13)
Scrolls
 b - 3 scrolls of revelation
 f - 2 scrolls of fog
 g - 4 scrolls of fear
 j - 5 scrolls of amnesia
 m - a scroll of silence
 p - a scroll of immolation
 t - 3 scrolls of teleportation
 A - a scroll of noise
 M - a scroll of summoning
Potions
 d - 3 potions of might
 h - 5 potions of mutation
 k - 2 potions of brilliance
 n - 2 potions of resistance
 q - 3 potions of curing
 s - 2 potions of attraction
 z - a potion of ambrosia
 H - 5 potions of enlightenment
 L - a potion of invisibility
 N - a potion of lignification {unknown}
 P - a potion of degeneration
 Q - a potion of haste {unknown}
 S - 2 potions of cancellation
Miscellaneous
 B - a condenser vane


   Skills:
 + Level 12.2 Fighting
 * Level 15.1 Axes
 - Level 2.6 Armour
 + Level 10.8 Dodging
 - Level 2.6 Shields
 + Level 3.5 Invocations


You had 12 spell levels left.
You didn't know any spells.
Your spell library contained the following spells:

 Spells                   Type           Power      Damage    Failure   Level
 Apportation              Tloc           0%         N/A       67%         1
 Magic Dart               Conj           0%         1d3       67%         1
 Necrotise                Necr           0%         1d4       67%         1
 Sting                    Conj/Alch      0%         1d3       67%         1
 Summon Small Mammal      Summ           0%         N/A       67%         1
 Blink                    Tloc           0%         N/A       80%         2
 Call Imp                 Summ           0%         N/A       80%         2
 Lesser Beckoning         Tloc           0%         N/A       80%         2
 Mercury Vapours          Alch/Air       0%         N/A       80%         2
 Momentum Strike          Conj/Tloc      0%         3d8       80%         2
 Static Discharge         Conj/Air       0%         3-3/arc   80%         2
 Ozocubu's Armour         Ice            0%         N/A       95%         3
 Airstrike                Air            0%         2d(0-16)  100%        4
 Animate Dead             Necr           0%         N/A       100%        4
 Summon Lightning Spire   Summ/Air       0%         N/A       100%        4
 Borgnjor's Vile Clutch   Necr/Erth      0%         N/A       100%        5
 Metabolic Englaciation   Hex/Ice        0%         N/A       100%        5
 Death Channel            Necr           0%         N/A       100%        6
 Plasma Beam              Fire/Air       0%         2x1d10    100%        6
 Sculpt Simulacrum        Ice/Alch       0%         N/A       100%        6


Dungeon Overview and Level Annotations

Branches:
Dungeon (10/15)            Temple (1/1) D:6            Lair (4/5) D:8
  Swamp (0/4) Lair:2        Snake (0/4) Lair:2          Orc (0/2) D:9
 Bailey (visited)         Volcano (visited)         Gauntlet (visited)
  Slime: Lair:4-5

Altars:
Ashenzari
Cheibriados
Dithmenos
Fedhas
Gozag
Hepliaklqana
Kikubaaqudgha
Makhleb
Nemelex Xobeh
Okawaru
Qazlal
Ru
Sif Muna
Trog
Uskayaw
Vehumet
Wu Jian
Xom
Yredelemnul

Shops:
D:1 :   D:5 [


Innate Abilities, Weirdness & Mutations

You have claws for hands.
You are mostly covered in rugged brown scales. (AC +2, +5% HP)
You regenerate a little health from kills.
You are completely covered in sharp spines.
You are covered in fur. (AC +1)
You occasionally lose the ability to read scrolls when taking damage.


Message History

The ten-headed hydra bites you but does no damage. x5
The elephant is struck by your spines.
The elephant tramples you but does no damage.
The elephant barely misses you.
The ten-headed hydra is struck by your spines.
The ten-headed hydra bites you.
* * * LOW HITPOINT WARNING * * *
The ten-headed hydra bites you!
* * * LOW HITPOINT WARNING * * *
The ten-headed hydra bites you but does no damage. x4
The ten-headed hydra completely misses you.
The ten-headed hydra bites you.
* * * LOW HITPOINT WARNING * * *
The ten-headed hydra bites you!
* * * LOW HITPOINT WARNING * * *
The ten-headed hydra bites you but does no damage.
The elephant is struck by your spines. The elephant tramples you.
* * * LOW HITPOINT WARNING * * *
You hold your ground!
The elephant trunk-slaps you but does no damage.
The ten-headed hydra bites you.
* * * LOW HITPOINT WARNING * * *
The ten-headed hydra barely misses you. The ten-headed hydra bites you!
* * * LOW HITPOINT WARNING * * *
The ten-headed hydra bites you!
* * * LOW HITPOINT WARNING * * *
The ten-headed hydra bites you but does no damage.
The ten-headed hydra completely misses you.
The ten-headed hydra bites you!
* * * LOW HITPOINT WARNING * * *
The ten-headed hydra bites you but does no damage. x3
The elephant tramples you but does no damage.
The elephant trunk-slaps you but does no damage.
The ten-headed hydra completely misses you.
The ten-headed hydra bites you but does no damage. x3
The ten-headed hydra bites you.
* * * LOW HITPOINT WARNING * * *
The ten-headed hydra bites you.
You die...
Cheibriados appreciates the motionlessness of death.

.....†....# .......
.........## .......
.........## ##.......
.........P### #P.......
............####........
..........#..#.#........
...................#
...............YD###
................@.#
.................P##
...................##
....#...............#
...###..P..........P#
..## #..##..........P#
..# #..####.........#
### ##..# ######P#.##
####..# ##..#


You could see a ten-headed hydra and an elephant.

Vanquished Creatures
  A minotaur (Gauntlet)
  Fannar (Lair:3)
  The ghost of epsilonplus the Fighter, a journeyman MDRe of Beogh (D:10)
  2 hydras (Lair:3)
  2 catoblepae
  2 two-headed ogres (D:10)
  A deep troll (Lair:1)
  A fire crab (Gauntlet)
  2 spriggan druids (Lair:2)
  Pikel (D:7)
  A lightning spire (Gauntlet)
  An alligator skeleton (Volcano)
  13 elephants
  Joseph (Lair:1)
  2 black mambas
  2 torpor snails
  A gargoyle (Volcano)
  6 cane toads
  2 minotaur zombies (Gauntlet)
  5 komodo dragons
  A rime drake (Lair:4)
  2 trolls
  3 hornets
  Grinder (D:3)
  Prince Ribbit (D:6)
  15 blink frogs
  2 raiju (Gauntlet)
  3 fire bats (Gauntlet)
  A vampire (D:10)
  2 wyverns
  Eustachio (D:6)
  4 basilisks
  3 steam dragons
  15 yaks
  Edmund (D:4)
  3 nagas (Lair:2)
  10 water moccasins
  An acid dragon (D:7)
  2 sky beasts (D:7)
  4 ice beasts
  10 orc warriors
  A black bear (D:8)
  An ogre (D:5)
  2 laughing skulls (Volcano)
  2 centaurs (D:6)
  9 wolves
  2 lemures (D:7)
  A phantom (D:5)
  4 kobold brigands
  A gnoll sergeant (D:8)
  A weeping skull (Volcano)
  16 bullfrogs
  4 scorpions
  4 wights (D:9)
  13 killer bees
  8 howler monkeys
  2 electric eels (Lair:3)
  2 bombardier beetles
  2 orc priests
  2 gnoll boudas
  3 hounds
  3 iguanas
  7 orc wizards
  5 hell rats (Lair:3)
  A naga skeleton (Volcano)
  Robin (D:2)
  16 gnolls
  5 river rats (Lair:3)
  6 adders
  2 white imps
  2 ufetubi (D:6)
  2 dart slugs
  5 ribbon worms
  21 orcs
  11 bats
  6 endoplasms
  18 goblins
  7 hobgoblins
  5 jackals
  32 kobolds
  2 quokkas
  4 ball pythons
  A frilled lizard (D:3)
  12 rats
387 creatures vanquished.

Notes
Turn   | Place    | Note
-------+----------+-------------------------------------------
     0 | D:1      | Iich the Demonspawn Fighter began the quest for the Orb.
     0 | D:1      | Reached XP level 1. HP: 18/18 MP: 1/1
   112 | D:1      | Found Xariox's Vocational Training.
   148 | D:1      | Found a faded altar of an unknown god.
   157 | D:1      | Reached skill level 2 in Axes
   230 | D:1      | Gained mutation: You are partially covered in rugged brown
                  | scales. (AC +1, +3% HP) [demonic ancestry]
   230 | D:1      | Reached XP level 2. HP: 18/24 MP: 2/2
   742 | D:1      | Gained mutation: You occasionally lose the ability to read
                  | scrolls when taking damage. [potion of mutation]
   742 | D:1      | Gained mutation: You are covered in fur. (AC +1) [potion of
                  | mutation]
  1015 | D:2      | Reached skill level 1 in Dodging
  1058 | D:2      | Gained mutation: You are partially covered in sharp spines.
                  | [demonic ancestry]
  1058 | D:2      | Reached XP level 3. HP: 26/29 MP: 3/3
  1340 | D:2      | Noticed Robin
  1360 | D:2      | Killed Robin
  1361 | D:2      | Reached skill level 3 in Axes
  1619 | D:3      | Reached XP level 4. HP: 36/36 MP: 4/4
  1968 | D:3      | Noticed Grinder
  1985 | D:3      | Killed Grinder
  1986 | D:3      | Reached skill level 4 in Axes
  1986 | D:3      | Gained mutation: You have sharp fingernails. [demonic
                  | ancestry]
  1986 | D:3      | Reached XP level 5. HP: 25/44 MP: 5/5
  1986 | D:3      | Gained mutation: You are mostly covered in rugged brown
                  | scales. (AC +2, +5% HP) [demonic ancestry]
  1986 | D:3      | Reached XP level 6. HP: 25/51 MP: 6/6
  2462 | D:4      | Noticed Edmund
  2475 | D:4      | Killed Edmund
  2476 | D:4      | Reached skill level 5 in Axes
  2741 | D:4      | Found an ornate altar of the Wu Jian Council.
  3182 | D:5      | Entered Level 5 of the Dungeon
  3191 | D:5      | Gained mutation: You have very sharp fingernails. [demonic
                  | ancestry]
  3191 | D:5      | Reached XP level 7. HP: 47/57 MP: 7/7
  3235 | D:5      | Reached skill level 5 in Fighting
  4134 | D:5      | Found Poefoiwa's Antique Armour Shop.
  4143 | D:5      | Bought a runed cloak for 202 gold pieces
  4179 | D:5      | Reached skill level 6 in Axes
  4428 | D:5      | Reached XP level 8. HP: 61/66 MP: 8/8
  5086 | D:6      | Found a staircase to the Ecumenical Temple.
  5204 | Temple   | Entered the Ecumenical Temple
  5325 | Temple   | Upgraded the game from 0.32-a0-571-gec57dfcd37 to
                  | 0.32-a0-576-g706899e69d
  5450 | Temple   | Became a worshipper of Cheibriados the Contemplative
  5595 | D:6      | Noticed Prince Ribbit
  5614 | D:6      | Noticed Eustachio
  5615 | D:6      | Reached skill level 7 in Axes
  5639 | D:6      | Killed Prince Ribbit
  6034 | D:6      | Killed Eustachio
  6035 | D:6      | Reached skill level 5 in Dodging
  6269 | D:7      | Gained mutation: You regenerate a little health from kills.
                  | [demonic ancestry]
  6269 | D:7      | Reached XP level 9. HP: 64/74 MP: 9/9
  6306 | D:7      | Reached skill level 8 in Axes
  6452 | D:7      | Reached * piety under Cheibriados
  6491 | D:7      | Found a flagged portal.
  6491 | D:7      | Noticed Pikel
  6503 | D:7      | Killed Pikel
  6512 | Bailey   | Entered a bailey
  6551 | Bailey   | Reached skill level 9 in Axes
  6702 | Bailey   | Reached ** piety under Cheibriados
  6913 | D:7      | Gained mutation: You have claws for hands. [demonic
                  | ancestry]
  6913 | D:7      | Reached XP level 10. HP: 78/84 MP: 10/10
  7208 | D:8      | Noticed an elephant
  7210 | D:8      | Noticed an elephant
  7220 | D:8      | Killed an elephant
  7224 | D:8      | Reached skill level 10 in Axes
  7231 | D:8      | Killed an elephant
  7429 | D:8      | Noticed an elephant
  7437 | D:8      | Killed an elephant
  7444 | D:8      | Reached *** piety under Cheibriados
  7481 | D:8      | Found a staircase to the Lair.
  7886 | D:9      | Reached **** piety under Cheibriados
  8009 | D:9      | Reached skill level 11 in Axes
  8318 | D:9      | Gained mutation: You are mostly covered in sharp spines.
                  | [demonic ancestry]
  8318 | D:9      | Reached XP level 11. HP: 83/93 MP: 11/11
  8379 | D:9      | Reached ***** piety under Cheibriados
  8475 | D:9      | Found a staircase to the Orcish Mines.
  8564 | D:10     | Entered Level 10 of the Dungeon
  8564 | D:10     | Noticed a two-headed ogre
  8569 | D:10     | Killed a two-headed ogre
  8571 | D:10     | Noticed a two-headed ogre
  8576 | D:10     | Killed a two-headed ogre
  8925 | D:10     | Found a runed translucent door.
  8928 | D:10     | Noticed epsilonplus's ghost (journeyman MDRe)
  9198 | D:10     | Killed epsilonplus's ghost
  9448 | Lair:1   | Entered Level 1 of the Lair of Beasts
  9461 | Lair:1   | Reached skill level 12 in Axes
  9482 | Lair:1   | Reached skill level 10 in Fighting
  9703 | Lair:1   | Found a dark tunnel.
  9708 | Volcano  | Entered a volcano
 10212 | Lair:1   | Noticed Joseph
 10223 | Lair:1   | Killed Joseph
 10224 | Lair:1   | Gained mutation: You are completely covered in sharp
                  | spines. [demonic ancestry]
 10224 | Lair:1   | Reached XP level 12. HP: 71/102 MP: 12/12
 10240 | Lair:1   | Reached skill level 13 in Axes
 10944 | Lair:2   | Reached ****** piety under Cheibriados
 10967 | Lair:2   | Found a staircase to the Snake Pit.
 11601 | Lair:2   | Reached skill level 14 in Axes
 11782 | Lair:2   | Found a staircase to the Swamp.
 11836 | Lair:3   | Noticed an eight-headed hydra
 11846 | Lair:3   | Killed a 14-headed hydra
 11847 | Lair:3   | Reached skill level 10 in Dodging
 11936 | Lair:3   | Found a gate leading to a gauntlet.
 11952 | Gauntlet | Entered a Gauntlet
 11952 | Gauntlet | Found a runed translucent door.
 11952 | Gauntlet | Found a transporter.
 11952 | Gauntlet | Found a runed translucent door.
 11952 | Gauntlet | Found a transporter.
 11965 | Gauntlet | Found a transporter.
 11982 | Gauntlet | Found a transporter.
 11982 | Gauntlet | Found a transporter.
 11982 | Gauntlet | Found a transporter.
 11984 | Gauntlet | Found a transporter.
 11984 | Gauntlet | Found a transporter.
 11997 | Gauntlet | Found a transporter.
 12013 | Gauntlet | Found a transporter.
 12023 | Gauntlet | Found a transporter.
 12028 | Gauntlet | Found a transporter.
 12062 | Gauntlet | Found a transporter.
 12070 | Gauntlet | Noticed a death scarab
 12074 | Gauntlet | Found a transporter.
 12897 | Gauntlet | Identified the +6 great sword "Toujeihu" {elec, rElec rCorr
                  | Int+4}
 12973 | Gauntlet | Noticed a minotaur
 12978 | Gauntlet | Killed a minotaur
 12979 | Gauntlet | Reached XP level 13. HP: 81/112 MP: 13/13
 12980 | Gauntlet | Got Doeb's Grimoire of Singed Feathers
 13456 | Lair:3   | Noticed Fannar
 13469 | Lair:3   | Killed Fannar
 13675 | Lair:3   | Reached skill level 1 in Invocations
 14606 | Lair:4   | Reached skill level 15 in Axes
 15099 | Lair:4   | HP: 3/113 [ten-headed hydra (5)]
 15100 | Lair:4   | Slain by a ten-headed hydra

Illustrated notes

Levels and vault maps discovered:
D:1:      wander_arrival_lonely_grave, layout_basic,
          ebering_ecumenical_altar_webs, nicolae_shop_vocational
D:2:      layout_loops_cross, st_stairs_7, uniq_robin
D:3:      layout_basic, uniq_grinder
D:4:      layout_basic, mainiacjoe_overflow_boulevard,
          nicolae_figureground_sparkle, uniq_edmund
D:5:      layout_loops_corners, serial_shops, shop_fountains, serial_rivers,
          chequers_serial_rivers_micro_c, chequers_serial_rivers_room_b,
          chequers_serial_rivers_room_a, chequers_serial_rivers_marsh,
          chequers_serial_rivers_micro_b, nicolae_wormholes
D:6:      layout_basic, minmay_temple_entry_overgrown, uniq_eustachio,
          uniq_prince_ribbit1
D:7:      layout_rooms, enter_bailey_2, uniq_pikel
D:8:      minmay_angry_zag, layout_basic, grunt_lair_entry_orc_guard_hut
D:9:      layout_long_grid, orc_0_dummy
D:10:     layout_basic, ebering_ghost_reflecting_pool
Temple:   minmay_crystal_snake_temple
Lair:1:   dreamdust_cave_troll, layout_chaotic_city, enter_volcano_4,
          infiniplex_staircase_pool_2, uniq_joseph
Lair:2:   layout_concentric_octagons, mainiacjoe_swamp_entry_angry_trees,
          minmay_snake_entry_guardpost_small
Lair:3:   layout_cave_shapes, gauntlet_entry_generic,
          kennysheep_abandoned_house, infiniplex_staircase_pool,
          serial_bayou_shore_a, serial_bayou_shore_b, uniq_fannar
Lair:4:   layout_cave_pods

Skill      XL: |  1  2  3  4  5  6  7  8  9 10 11 12 13 |
---------------+----------------------------------------+-----
Axes           | 2 3 4 5 6 7 9 11 12 14 15 | 15.1
Dodging        | 1 2 3 4 5 6 7 9 10 | 10.8
Fighting       | 4 5 6 7 9 10 11 12 | 12.2
Invocations    | 3 |  3.5
Armour         | |  2.6
Shields        | |  2.6

Action                     |  1- 3 |  4- 6 |  7- 9 | 10-12 | 13-15 || total
---------------------------+-------+-------+-------+-------+-------++-------
  Melee: War axe           |    94 |    73 |   243 |       |       ||   410
         Broad axe         |       |       |    36 |   434 |   141 ||   611
 Invoke: Slouch            |       |       |       |     1 |       ||     1
         Bend Time         |       |       |       |       |     1 ||     1
  Evoke: Wand              |       |       |     1 |       |     2 ||     3
    Use: Scroll            |     7 |     4 |     7 |     9 |     4 ||    31
         Potion            |     2 |     2 |       |     4 |       ||     8
   Stab: Petrifying        |       |       |       |       |     3 ||     3
         Invisible         |       |       |       |       |     2 ||     2
         Petrified         |       |       |       |       |     1 ||     1
 Armour: Scale mail        |    80 |    46 |       |       |       ||   126
         Chain mail        |       |     5 |   258 |   217 |   206 ||   686
  Dodge: Dodged            |    46 |    33 |   281 |   409 |   188 ||   957
  Block: Buckler           |    30 |    17 |   103 |    17 |       ||   167
         Kite shield       |       |       |       |   269 |   102 ||   371

Table legend: (Time is in decaauts)
 A = Elapsed time spent in this place.
 B = Non-inter-level travel time spent in this place.
 C = Inter-level travel time spent in this place.
 D = Time resting spent in this place.
 E = Time spent auto-exploring this place.
 F = Levels seen in this place.
 G = Mean time per level.
                   A        B        C        D        E       F      G
               +--------+--------+--------+--------+--------+-----+--------+
         Total |  20426 |  19723 |    703 |    922 |  13666 |  18 | 1134.8 |
       Dungeon |  10479 |  10010 |    469 |    643 |   7418 |  10 | 1047.9 |
        Temple |    265 |    218 |     47 |      0 |      0 |   1 |  265.0 |
          Lair |   7012 |   6826 |    186 |      0 |   5369 |   4 | 1753.0 |
        Bailey |    465 |    465 |      0 |      0 |    204 |   1 |  465.0 |
       Volcano |    234 |    234 |      0 |      0 |    188 |   1 |  234.0 |
      Gauntlet |   1969 |   1969 |      0 |    279 |    485 |   1 | 1969.0 |
               +--------+--------+--------+--------+--------+-----+--------+

Top non-repeatable levels by time:
  Lair:3: 2527 daAuts
Gauntlet: 1969 daAuts
  Lair:1: 1950 daAuts
     D:5: 1705 daAuts
  Lair:2: 1566 daAuts
    D:10: 1348 daAuts
     D:4: 1295 daAuts
     D:9: 1088 daAuts
     D:8: 1026 daAuts
  Lair:4: 967 daAuts
     D:1: 947 daAuts
     D:7: 945 daAuts
     D:6: 796 daAuts
     D:2: 698 daAuts
     D:3: 626 daAuts
